[ AOE2 MATCH · #474064758 ]
Team RMVietnamese vs Burgundians
[ REPLAY ANALYSIS · EXTRACTED FROM THE RECORDED GAME ]
Feudal
10:50
Castle
15:36
Imperial
—
| APM avg | 13.9 |
| APM peak | 30 |
| eAPM avg | 9.7 |
| Villagers / military | 65 / 46 |
Focus
⚔️ 24.7% · 🌾 75.3%
Archer ×46
Feudal
12:25
Castle
17:21
Imperial
—
| APM avg | 9.3 |
| APM peak | 26 |
| eAPM avg | 8.6 |
| Villagers / military | 87 / 8 |
Focus
⚔️ 12.9% · 🌾 87.1%
Trade Cart ×13 · Spearman ×5 · Militia ×3
Feudal
10:57
Castle
20:04
Imperial
—
| APM avg | 19.7 |
| APM peak | 42 |
| eAPM avg | 12.1 |
| Villagers / military | 77 / 34 |
Focus
⚔️ 23.6% · 🌾 76.4%
Skirmisher ×28 · Militia ×3 · Cavalry Archer ×2 · Monk ×1
Feudal
9:43
Castle
23:53
Imperial
—
| APM avg | 21.1 |
| APM peak | 48 |
| eAPM avg | 15.4 |
| Villagers / military | 81 / 69 |
Focus
⚔️ 29.8% · 🌾 70.2%
Militia ×49 · Knight ×16 · Trade Cart ×6 · Battering Ram ×3 · Monk ×1
Match map
Resources at game start + every placement click. Thick line = wall · dashed box = detected house wall. 🟡 gold · ⚪ stone · 🟢 berries · 🔶 boar · ⭕ relic
Inputs per minute
— HulkHoden - - antoine39
Build order — HulkHoden
First 150 of 184 actions detected
| 0:01 | Create | Villager (Male) |
| 0:01 | Create | Villager (Male) |
| 0:02 | Create | Villager (Male) |
| 0:07 | Build | House |
| 0:08 | Build | House |
| 0:23 | Create | Villager (Male) |
| 0:23 | Create | Villager (Male) |
| 1:58 | Create | Villager (Male) |
| 2:20 | Build | Lumber Camp |
| 2:52 | Create | Villager (Male) |
| 2:53 | Create | Villager (Male) |
| 2:53 | Create | Villager (Male) |
| 3:36 | Research | Loom |
| 3:48 | Build | House |
| 4:02 | Create | Villager (Male) |
| 5:11 | Build | Mill |
| 5:14 | Create | Villager (Male) |
| 5:45 | Create | Villager (Male) |
| 5:46 | Create | Villager (Male) |
| 6:00 | Create | Villager (Male) |
| 6:23 | Build | House |
| 6:40 | Create | Villager (Male) |
| 6:41 | Create | Villager (Male) |
| 6:41 | Create | Villager (Male) |
| 7:59 | Build | Mining Camp |
| 8:02 | Create | Villager (Male) |
| 8:03 | Create | Villager (Male) |
| 8:30 | Research | Feudal Age |
| 8:44 | Build | Lumber Camp |
| 9:58 | Build | Farm |
| 10:01 | Build | Farm |
| 10:10 | Create | Villager (Male) |
| 10:11 | Create | Villager (Male) |
| 10:12 | Create | Villager (Male) |
| 10:50 | Age | Feudal Age |
| 11:20 | Build | Market |
| 11:28 | Build | Blacksmith |
| 11:39 | Create | Villager (Male) |
| 12:37 | Build | House |
| 12:56 | Research | Castle Age |
| 13:07 | Create | Villager (Male) |
| 13:08 | Create | Villager (Male) |
| 13:08 | Create | Villager (Male) |
| 13:08 | Create | Villager (Male) |
| 15:36 | Age | Castle Age |
| 15:38 | Build | Town Center |
| 15:50 | Research | Horse Collar |
| 16:39 | Build | Town Center |
| 16:51 | Build | Farm |
| 17:10 | Build | Farm |
| 17:26 | Create | Villager (Male) |
| 17:31 | Create | Villager (Male) |
| 17:40 | Build | Farm |
| 17:43 | Build | Farm |
| 18:16 | Build | Mining Camp |
| 18:31 | Create | Villager (Male) |
| 18:33 | Create | Villager (Male) |
| 18:42 | Build | Farm |
| 18:50 | Build | Farm |
| 19:02 | Build | Farm |
| 19:12 | Create | Villager (Male) |
| 19:13 | Create | Villager (Male) |
| 20:12 | Build | Barracks |
| 20:36 | Create | Villager (Male) |
| 20:43 | Create | Villager (Male) |
| 20:44 | Create | Villager (Male) |
| 20:45 | Create | Villager (Male) |
| 20:45 | Create | Villager (Male) |
| 21:07 | Build | Archery Range |
| 21:19 | Build | House |
| 21:20 | Build | House |
| 21:21 | Build | House |
| 21:22 | Build | House |
| 21:36 | Create | Villager (Male) |
| 21:37 | Create | Villager (Male) |
| 21:37 | Create | Villager (Male) |
| 22:11 | Build | Archery Range |
| 22:16 | Create | Archer |
| 22:32 | Research | Crossbowman (upgrade) |
| 23:12 | Build | Farm |
| 23:19 | Build | Farm |
| 23:22 | Build | Farm |
| 23:37 | Create | Villager (Male) |
| 23:37 | Create | Villager (Male) |
| 23:37 | Create | Villager (Male) |
| 23:50 | Create | Archer |
| 23:50 | Create | Archer |
| 23:51 | Create | Archer |
| 23:52 | Create | Archer |
| 23:52 | Create | Archer |
| 23:53 | Create | Archer |
| 23:53 | Create | Archer |
| 23:53 | Create | Archer |
| 23:54 | Create | Archer |
| 23:54 | Create | Archer |
| 23:54 | Create | Archer |
| 23:54 | Create | Archer |
| 23:55 | Create | Archer |
| 23:55 | Create | Archer |
| 23:55 | Create | Archer |
| 23:56 | Create | Archer |
| 23:56 | Create | Archer |
| 23:57 | Create | Archer |
| 23:57 | Create | Archer |
| 24:04 | Research | Fletching |
| 25:16 | Create | Villager (Male) |
| 25:16 | Create | Villager (Male) |
| 25:17 | Create | Villager (Male) |
| 25:17 | Create | Villager (Male) |
| 25:18 | Create | Villager (Male) |
| 25:19 | Create | Villager (Male) |
| 25:44 | Build | Castle |
| 25:55 | Build | House |
| 25:56 | Build | House |
| 25:56 | Build | House |
| 25:57 | Build | House |
| 25:57 | Build | House |
| 25:59 | Build | House |
| 25:59 | Build | House |
| 25:59 | Build | House |
| 25:59 | Build | House |
| 26:00 | Build | House |
| 26:00 | Build | House |
| 26:01 | Build | House |
| 26:01 | Build | House |
| 26:24 | Create | Villager (Male) |
| 26:33 | Build | House |
| 26:33 | Build | House |
| 26:34 | Build | House |
| 26:35 | Build | House |
| 26:35 | Build | House |
| 26:36 | Build | House |
| 26:37 | Build | House |
| 26:37 | Build | House |
| 26:38 | Build | House |
| 26:38 | Build | House |
| 26:39 | Build | House |
| 26:39 | Build | House |
| 26:48 | Research | Padded Archer Armor |
| 26:49 | Research | Bodkin Arrow |
| 27:35 | Create | Villager (Male) |
| 27:35 | Create | Villager (Male) |
| 27:35 | Create | Villager (Male) |
| 27:36 | Create | Villager (Male) |
| 27:37 | Create | Villager (Male) |
| 27:49 | Build | Mining Camp |
| 27:55 | Build | Mining Camp |
| 28:05 | Research | Double-Bit Axe |
| 28:37 | Create | Archer |
| 28:38 | Create | Archer |
Build order — antoine39
First 150 of 173 actions detected
| 0:03 | Create | Villager (Male) ×4 |
| 0:14 | Build | House |
| 0:18 | Build | House |
| 1:01 | Build | House |
| 1:06 | Build | House |
| 1:07 | Build | House |
| 1:08 | Build | House |
| 1:10 | Build | House |
| 1:57 | Create | Villager (Male) |
| 1:57 | Create | Villager (Male) |
| 2:30 | Create | Villager (Male) |
| 2:31 | Create | Villager (Male) |
| 2:47 | Create | Villager (Male) |
| 2:47 | Create | Villager (Male) |
| 3:53 | Create | Villager (Male) ×3 |
| 3:53 | Create | Villager (Male) ×3 |
| 4:17 | Create | Villager (Male) |
| 4:18 | Create | Villager (Male) |
| 4:28 | Build | Mill |
| 4:36 | Create | Villager (Male) |
| 4:36 | Create | Villager (Male) |
| 4:57 | Create | Villager (Male) |
| 4:57 | Create | Villager (Male) |
| 5:22 | Build | Lumber Camp |
| 5:29 | Create | Villager (Male) ×2 |
| 5:29 | Create | Villager (Male) ×2 |
| 6:13 | Create | Villager (Male) ×3 |
| 6:13 | Create | Villager (Male) ×3 |
| 7:14 | Create | Villager (Male) |
| 7:23 | Build | Mining Camp |
| 8:11 | Create | Villager (Male) |
| 8:47 | Create | Villager (Male) |
| 9:48 | Research | Loom |
| 10:15 | Research | Feudal Age |
| 10:27 | Build | Farm |
| 10:28 | Build | Farm |
| 10:30 | Build | Farm |
| 10:31 | Build | Farm |
| 10:32 | Build | Farm |
| 10:35 | Build | Farm |
| 12:06 | Build | Barracks |
| 12:25 | Age | Feudal Age |
| 12:39 | Build | Market |
| 12:49 | Build | Blacksmith |
| 13:09 | Create | Villager (Male) |
| 13:16 | Create | Villager (Male) |
| 14:12 | Build | Farm |
| 14:26 | Research | Double-Bit Axe |
| 14:29 | Research | Horse Collar |
| 14:41 | Research | Castle Age |
| 15:28 | Build | Mining Camp |
| 15:33 | Research | Man-at-Arms (upgrade) |
| 15:39 | Create | Militia |
| 15:40 | Create | Militia |
| 16:03 | Create | Spearman |
| 16:03 | Create | Spearman |
| 16:19 | Create | Trade Cart |
| 16:58 | Create | Spearman |
| 16:59 | Create | Spearman |
| 17:00 | Create | Militia |
| 17:00 | Create | Spearman |
| 17:21 | Age | Castle Age |
| 17:30 | Build | Town Center |
| 17:41 | Research | Squires |
| 18:50 | Research | Caravan |
| 19:12 | Research | Arson |
| 19:41 | Build | Farm |
| 19:42 | Build | Farm |
| 19:44 | Build | Farm |
| 21:43 | Create | Villager (Male) |
| 21:44 | Create | Villager (Male) |
| 21:44 | Create | Villager (Male) |
| 21:44 | Create | Villager (Male) |
| 21:44 | Create | Villager (Male) |
| 21:45 | Create | Villager (Male) |
| 21:45 | Create | Villager (Male) |
| 21:45 | Create | Villager (Male) |
| 21:46 | Create | Villager (Male) |
| 22:11 | Build | Farm |
| 22:18 | Build | Farm |
| 22:20 | Build | Farm |
| 22:22 | Build | Farm |
| 22:23 | Build | Farm |
| 22:25 | Build | Farm |
| 22:27 | Build | Farm |
| 22:28 | Build | Farm |
| 22:30 | Build | Farm |
| 22:35 | Create | Villager (Male) |
| 22:35 | Create | Villager (Male) |
| 22:35 | Create | Villager (Male) |
| 22:36 | Create | Villager (Male) |
| 22:45 | Build | House |
| 22:45 | Build | House |
| 22:45 | Build | House |
| 22:45 | Build | House |
| 22:46 | Build | House |
| 22:47 | Build | House |
| 22:47 | Build | House |
| 22:49 | Build | House |
| 23:38 | Create | Villager (Male) |
| 23:39 | Create | Villager (Male) |
| 23:39 | Create | Villager (Male) |
| 23:39 | Create | Villager (Male) |
| 23:40 | Create | Villager (Male) |
| 23:54 | Build | Mining Camp |
| 24:20 | Create | Villager (Male) |
| 24:20 | Create | Villager (Male) |
| 24:21 | Create | Villager (Male) |
| 24:21 | Create | Villager (Male) |
| 24:21 | Create | Villager (Male) |
| 24:21 | Create | Villager (Male) |
| 24:38 | Research | Heavy Plow |
| 24:56 | Research | Bow Saw |
| 25:13 | Build | Castle |
| 25:25 | Create | Villager (Male) |
| 25:25 | Create | Villager (Male) |
| 25:25 | Create | Villager (Male) |
| 25:25 | Create | Villager (Male) |
| 25:56 | Research | Two-Man Saw |
| 26:14 | Research | Wheelbarrow |
| 26:14 | Research | Wheelbarrow |
| 26:39 | Create | Villager (Male) |
| 26:40 | Create | Villager (Male) |
| 26:40 | Create | Villager (Male) |
| 26:51 | Research | Stone Mining |
| 26:52 | Research | Gold Mining |
| 27:13 | Create | Trade Cart |
| 27:14 | Create | Trade Cart |
| 27:14 | Create | Trade Cart |
| 27:14 | Create | Trade Cart |
| 27:42 | Build | Lumber Camp |
| 28:13 | Create | Villager (Male) |
| 28:13 | Create | Villager (Male) |
| 28:14 | Create | Villager (Male) |
| 28:14 | Create | Villager (Male) |
| 28:14 | Create | Villager (Male) |
| 28:15 | Create | Villager (Male) |
| 28:15 | Create | Villager (Male) |
| 28:15 | Create | Villager (Male) |
| 28:15 | Create | Villager (Male) |
| 28:16 | Create | Villager (Male) |
| 28:16 | Create | Villager (Male) |
| 28:35 | Build | Farm |
| 28:37 | Build | Farm |
| 28:38 | Build | Farm |
| 28:40 | Build | Farm |
| 28:41 | Build | Farm |
| 28:43 | Build | Farm |
| 28:44 | Build | Farm |
| 28:46 | Build | Farm |
Build order — Coipo 10
First 150 of 180 actions detected
| 0:05 | Create | Villager (Male) |
| 0:05 | Create | Villager (Male) |
| 0:05 | Create | Villager (Male) |
| 0:05 | Create | Villager (Male) |
| 0:06 | Create | Villager (Male) |
| 0:11 | Build | House |
| 0:16 | Build | House |
| 0:53 | Build | Mill |
| 1:46 | Create | Villager (Male) |
| 1:46 | Create | Villager (Male) |
| 2:16 | Create | Villager (Male) |
| 2:16 | Create | Villager (Male) |
| 2:41 | Create | Villager (Male) |
| 2:41 | Create | Villager (Male) |
| 2:48 | Build | House |
| 2:51 | Build | House |
| 2:52 | Build | House |
| 3:01 | Create | Villager (Male) |
| 3:01 | Create | Villager (Male) |
| 3:22 | Create | Villager (Male) |
| 3:22 | Create | Villager (Male) |
| 3:57 | Create | Villager (Male) |
| 3:57 | Create | Villager (Male) |
| 3:57 | Create | Villager (Male) |
| 4:23 | Create | Villager (Male) |
| 4:23 | Create | Villager (Male) |
| 5:14 | Build | Lumber Camp |
| 5:19 | Create | Villager (Male) |
| 5:19 | Create | Villager (Male) |
| 5:20 | Create | Villager (Male) |
| 5:20 | Create | Villager (Male) |
| 5:20 | Create | Villager (Male) |
| 5:42 | Create | Villager (Male) |
| 5:42 | Create | Villager (Male) |
| 5:43 | Create | Villager (Male) |
| 7:46 | Create | Villager (Male) |
| 7:46 | Create | Villager (Male) |
| 7:46 | Create | Villager (Male) |
| 8:41 | Research | Feudal Age |
| 9:19 | Create | Villager (Male) |
| 9:19 | Create | Villager (Male) |
| 9:19 | Create | Villager (Male) |
| 9:20 | Create | Villager (Male) |
| 10:27 | Build | Lumber Camp |
| 10:43 | Build | Farm |
| 10:46 | Build | Farm |
| 10:49 | Build | Farm |
| 10:54 | Build | Farm |
| 10:57 | Age | Feudal Age |
| 11:01 | Research | Wheelbarrow |
| 11:04 | Research | Horse Collar |
| 11:08 | Research | Double-Bit Axe |
| 11:34 | Create | Villager (Male) |
| 11:34 | Create | Villager (Male) |
| 11:35 | Create | Villager (Male) |
| 11:49 | Build | Farm |
| 11:54 | Build | Farm |
| 12:00 | Build | House |
| 12:01 | Build | House |
| 12:03 | Build | House |
| 12:14 | Build | Farm |
| 12:35 | Build | Farm |
| 12:49 | Build | Farm |
| 12:53 | Build | Farm |
| 12:56 | Build | Farm |
| 13:04 | Build | Farm |
| 13:16 | Build | House |
| 13:27 | Create | Villager (Male) |
| 13:27 | Create | Villager (Male) |
| 13:27 | Create | Villager (Male) |
| 13:56 | Build | Mining Camp |
| 14:13 | Build | Barracks |
| 14:20 | Build | Watch Tower |
| 14:33 | Build | Blacksmith |
| 14:37 | Build | Market |
| 14:43 | Create | Villager (Male) |
| 14:43 | Create | Villager (Male) |
| 14:44 | Create | Villager (Male) |
| 14:44 | Create | Villager (Male) |
| 14:57 | Build | Farm |
| 15:06 | Build | Farm |
| 15:10 | Build | Farm |
| 15:14 | Build | Farm |
| 15:59 | Build | Farm |
| 16:02 | Build | Farm |
| 16:05 | Build | Farm |
| 16:12 | Build | Mining Camp |
| 16:42 | Research | Loom |
| 16:43 | Create | Villager (Male) |
| 16:43 | Create | Villager (Male) |
| 17:00 | Research | Castle Age |
| 17:00 | Research | Castle Age |
| 17:18 | Create | Militia |
| 17:18 | Create | Militia |
| 17:18 | Create | Militia |
| 17:39 | Build | Palisade Wall |
| 18:38 | Build | Archery Range |
| 19:01 | Create | Skirmisher |
| 19:01 | Create | Skirmisher |
| 19:02 | Create | Skirmisher |
| 19:17 | Build | Mining Camp |
| 19:34 | Build | House |
| 19:35 | Build | House |
| 19:36 | Build | House |
| 19:42 | Create | Skirmisher |
| 20:04 | Age | Castle Age |
| 20:14 | Build | Archery Range |
| 20:19 | Create | Villager (Male) |
| 20:20 | Create | Villager (Male) |
| 20:20 | Create | Villager (Male) |
| 20:20 | Create | Villager (Male) |
| 20:20 | Create | Villager (Male) |
| 20:21 | Create | Villager (Male) |
| 20:46 | Create | Cavalry Archer |
| 20:46 | Create | Cavalry Archer |
| 21:12 | Create | Skirmisher |
| 21:12 | Create | Skirmisher |
| 22:01 | Create | Skirmisher |
| 22:01 | Create | Skirmisher |
| 24:00 | Create | Skirmisher |
| 24:00 | Create | Skirmisher |
| 24:00 | Create | Skirmisher |
| 24:42 | Create | Villager (Male) |
| 24:43 | Create | Villager (Male) |
| 24:43 | Create | Villager (Male) |
| 24:43 | Create | Villager (Male) |
| 24:43 | Create | Villager (Male) |
| 24:44 | Create | Villager (Male) |
| 25:19 | Create | Villager (Male) |
| 25:33 | Build | Mining Camp |
| 25:49 | Build | Farm |
| 25:49 | Build | Farm |
| 26:09 | Create | Skirmisher |
| 26:09 | Create | Skirmisher |
| 26:10 | Create | Skirmisher |
| 26:10 | Create | Skirmisher |
| 26:14 | Create | Skirmisher |
| 26:14 | Create | Skirmisher |
| 26:14 | Create | Skirmisher |
| 26:14 | Create | Skirmisher |
| 26:20 | Build | Farm |
| 26:21 | Build | Farm |
| 26:29 | Create | Villager (Male) |
| 26:30 | Create | Villager (Male) |
| 26:30 | Create | Villager (Male) |
| 26:30 | Create | Villager (Male) |
| 26:35 | Research | Heavy Plow |
| 26:38 | Research | Bow Saw |
| 27:18 | Create | Villager (Male) |
| 27:18 | Create | Villager (Male) |
Build order — arthur39.as
First 150 of 240 actions detected
| 0:12 | Build | House |
| 0:13 | Build | House |
| 0:16 | Create | Villager (Male) |
| 0:17 | Create | Villager (Male) |
| 0:17 | Create | Villager (Male) |
| 0:17 | Create | Villager (Male) |
| 0:17 | Create | Villager (Male) |
| 0:18 | Create | Villager (Male) |
| 1:06 | Build | House |
| 1:07 | Build | House |
| 1:51 | Build | Lumber Camp |
| 1:58 | Create | Villager (Male) |
| 1:58 | Create | Villager (Male) |
| 1:59 | Create | Villager (Male) |
| 1:59 | Create | Villager (Male) |
| 2:34 | Create | Villager (Male) |
| 3:24 | Create | Villager (Male) |
| 3:24 | Create | Villager (Male) |
| 3:24 | Create | Villager (Male) |
| 3:40 | Create | Villager (Male) |
| 4:02 | Create | Villager (Male) |
| 4:26 | Create | Villager (Male) |
| 4:42 | Build | Mill |
| 4:46 | Create | Villager (Male) |
| 4:46 | Create | Villager (Male) |
| 4:46 | Create | Villager (Male) |
| 5:25 | Create | Villager (Male) |
| 5:26 | Create | Villager (Male) |
| 5:26 | Create | Villager (Male) |
| 6:15 | Create | Villager (Male) |
| 6:37 | Build | House |
| 6:38 | Build | House |
| 6:39 | Build | House |
| 6:59 | Build | Farm |
| 7:03 | Build | Farm |
| 7:33 | Research | Feudal Age |
| 7:36 | Research | Loom |
| 7:37 | Create | Villager (Male) |
| 8:17 | Build | Mining Camp |
| 8:25 | Create | Villager (Male) |
| 8:26 | Create | Villager (Male) |
| 8:26 | Create | Villager (Male) |
| 8:45 | Build | Farm |
| 8:46 | Build | Farm |
| 8:47 | Build | Farm |
| 9:06 | Build | Farm |
| 9:43 | Age | Feudal Age |
| 9:48 | Research | Double-Bit Axe |
| 9:54 | Create | Villager (Male) |
| 10:13 | Create | Villager (Male) |
| 10:29 | Build | Barracks |
| 11:29 | Build | Mining Camp |
| 11:39 | Create | Villager (Male) |
| 11:43 | Create | Militia |
| 11:43 | Create | Militia |
| 11:44 | Create | Militia |
| 11:44 | Create | Militia |
| 11:44 | Create | Militia |
| 11:45 | Create | Militia |
| 11:45 | Create | Militia |
| 11:45 | Create | Militia |
| 12:20 | Build | Farm |
| 12:38 | Create | Villager (Male) |
| 12:39 | Create | Villager (Male) |
| 12:40 | Create | Villager (Male) |
| 12:44 | Build | Farm |
| 12:55 | Build | Lumber Camp |
| 13:01 | Create | Villager (Male) |
| 13:01 | Create | Villager (Male) |
| 13:01 | Create | Villager (Male) |
| 13:02 | Create | Villager (Male) |
| 13:06 | Create | Militia |
| 13:06 | Create | Militia |
| 13:07 | Create | Militia |
| 13:15 | Build | House |
| 13:15 | Build | House |
| 13:17 | Build | House |
| 13:18 | Build | House |
| 13:35 | Build | Farm |
| 13:44 | Research | Man-at-Arms (upgrade) |
| 13:46 | Create | Militia |
| 13:46 | Create | Militia |
| 13:55 | Build | Blacksmith |
| 14:20 | Create | Militia |
| 14:20 | Create | Militia |
| 14:21 | Create | Militia |
| 14:27 | Create | Villager (Male) |
| 14:46 | Build | Farm |
| 14:52 | Build | Farm |
| 15:00 | Research | Scale Mail Armor |
| 15:15 | Research | Arson |
| 15:27 | Build | Farm |
| 15:29 | Create | Villager (Male) |
| 15:37 | Build | Farm |
| 16:28 | Research | Forging |
| 17:12 | Build | Market |
| 17:22 | Create | Villager (Male) |
| 17:23 | Create | Villager (Male) |
| 17:23 | Create | Villager (Male) |
| 17:24 | Research | Wheelbarrow |
| 18:38 | Build | Barracks |
| 18:39 | Build | Barracks |
| 18:43 | Build | Stable |
| 19:14 | Build | Farm |
| 19:15 | Build | Farm |
| 20:00 | Create | Trade Cart |
| 20:00 | Create | Trade Cart |
| 20:00 | Create | Trade Cart |
| 21:13 | Research | Castle Age |
| 21:19 | Create | Militia |
| 21:19 | Create | Militia |
| 21:19 | Create | Militia |
| 21:20 | Create | Militia |
| 21:20 | Create | Militia |
| 21:20 | Create | Militia |
| 21:20 | Create | Militia |
| 21:21 | Create | Militia |
| 21:24 | Create | Villager (Male) |
| 21:24 | Create | Villager (Male) |
| 21:27 | Create | Trade Cart |
| 21:27 | Create | Trade Cart |
| 21:27 | Create | Trade Cart |
| 22:08 | Build | House |
| 22:10 | Build | House |
| 22:11 | Build | House |
| 22:16 | Build | House |
| 22:18 | Build | House |
| 22:20 | Build | House |
| 22:49 | Build | Mill |
| 22:53 | Build | Farm |
| 22:55 | Build | Farm |
| 22:57 | Build | Farm |
| 23:10 | Build | Farm |
| 23:42 | Research | Scale Barding Armor |
| 23:48 | Create | Villager (Male) |
| 23:49 | Create | Villager (Male) |
| 23:49 | Create | Villager (Male) |
| 23:49 | Create | Villager (Male) |
| 23:50 | Create | Villager (Male) |
| 23:53 | Age | Castle Age |
| 24:00 | Build | Town Center |
| 24:08 | Build | Town Center |
| 24:23 | Research | Long Swordsman (upgrade) |
| 24:30 | Build | Siege Workshop |
| 24:34 | Create | Knight |
| 24:34 | Create | Knight |
| 24:34 | Create | Knight |
| 24:34 | Create | Knight |
| 24:35 | Create | Knight |
| 25:29 | Create | Militia |
Match timeline
| 9:43 | arthur39.as · age_up feudal |
| 10:29 | arthur39.as · first_building Barracks |
| 10:50 | HulkHoden · age_up feudal |
| 10:57 | Coipo 10 · age_up feudal |
| 12:06 | antoine39 · first_building Barracks |
| 12:25 | antoine39 · age_up feudal |
| 12:28 | HulkHoden · first_market_buy 100 food |
| 14:13 | Coipo 10 · first_building Barracks |
| 15:36 | HulkHoden · age_up castle |
| 16:47 | Coipo 10 · first_market_sell 100 wood |
| 17:21 | antoine39 · age_up castle |
| 17:39 | Coipo 10 · wall_segment Palisade Wall x5 |
| 18:38 | Coipo 10 · first_building Archery Range |
| 18:43 | arthur39.as · first_building Stable |
| 20:04 | Coipo 10 · age_up castle |
| 20:12 | HulkHoden · first_building Barracks |
| 21:07 | HulkHoden · first_building Archery Range |
| 23:53 | arthur39.as · age_up castle |
| 24:30 | arthur39.as · first_building Siege Workshop |
| 25:13 | antoine39 · first_building Castle |
| 25:44 | HulkHoden · first_building Castle |
| 26:26 | arthur39.as · first_building Monastery |
| 27:21 | arthur39.as · first_market_sell 100 wood |
| 29:08 | Coipo 10 · first_building Monastery |
| 31:08 | antoine39 · first_building Monastery |
| 31:17 | Coipo 10 · resign |
[ AI ANALYSIS · 1 CREDIT ]
What really happened in this match?
Wolo.gg analyzes every decision: build order, eco, micro, common mistakes by bracket. Personalized analysis on WhatsApp or Discord in 30 seconds.
Civ guide
Vietnamese
Map guide
MegaRandom
Perfil
Jugador #810682